[ PARTIDA AOE2 · #507832424 ]
UnrankedVietnamitas vs Slavs
Equipo del jugador · VICT
Equipo rival · DERR
[ ANÁLISIS DE REPETICIÓN · EXTRAÍDO DE LA PARTIDA GRABADA ]
Feudal
14:37
Castillos
25:06
Imperial
—
| APM promedio | 44.0 |
| APM pico | 81 |
| eAPM promedio | 26.4 |
| Aldeanos / militares | 97 / 150 |
Foco
⚔️ 38.1% · 🌾 61.9%
Knight ×106 · Monk ×12 · Spearman ×9 · Battering Ram ×9 · Militia ×7 · Scout Cavalry ×7
Feudal
8:45
Castillos
18:37
Imperial
—
| APM promedio | 59.4 |
| APM pico | 99 |
| eAPM promedio | 35.0 |
| Aldeanos / militares | 169 / 82 |
Foco
⚔️ 37.2% · 🌾 62.8%
Knight ×36 · Boyar ×28 · Monk ×7 · Spearman ×6 · Scout Cavalry ×4 · Skirmisher ×1
Mapa de la partida
Recursos iniciales + cada clic de construcción. Líneas = muros · curvas = relieve. ◆ oro · ⬟ piedra · ● bayas · ✦ reliquia · ◌ hueco del cierre
Tu base· ✓ Cerrada en 25:06 · 48t muro · sin puerta
Base de Charles Kirkwall· Abierta — el rival se encerró
Terreno inicial suavizado · ◌ = hueco del cierre detectado · pasá el cursor para detalles
Inputs por minuto
— eduv - - Charles Kirkwall
Build order — eduv
Primeras 150 de 390 acciones detectadas
| 0:02 | Crear | Villager (Male) |
| 0:03 | Construir | House |
| 0:04 | Construir | House |
| 0:22 | Crear | Villager (Male) |
| 0:22 | Crear | Villager (Male) |
| 0:22 | Crear | Villager (Male) |
| 0:22 | Crear | Villager (Male) |
| 1:26 | Crear | Villager (Male) |
| 1:26 | Crear | Villager (Male) |
| 1:58 | Crear | Villager (Male) |
| 1:59 | Crear | Villager (Male) |
| 1:59 | Crear | Villager (Male) |
| 2:15 | Crear | Villager (Male) |
| 2:15 | Crear | Villager (Male) |
| 2:55 | Crear | Villager (Male) |
| 2:56 | Crear | Villager (Male) |
| 2:56 | Crear | Villager (Male) |
| 2:56 | Crear | Villager (Male) |
| 4:03 | Construir | House |
| 4:07 | Crear | Villager (Male) |
| 4:07 | Crear | Villager (Male) |
| 4:25 | Crear | Villager (Male) |
| 4:25 | Crear | Villager (Male) |
| 4:25 | Crear | Villager (Male) |
| 4:25 | Crear | Villager (Male) |
| 4:45 | Construir | Barracks |
| 5:10 | Construir | House |
| 5:38 | Crear | Villager (Male) |
| 5:52 | Construir | House |
| 5:53 | Crear | Militia |
| 5:53 | Crear | Militia |
| 5:53 | Crear | Militia |
| 5:54 | Crear | Militia |
| 5:56 | Crear | Villager (Male) |
| 5:57 | Crear | Villager (Male) |
| 5:57 | Crear | Villager (Male) |
| 5:57 | Crear | Villager (Male) |
| 6:37 | Construir | Lumber Camp |
| 6:54 | Crear | Militia |
| 6:54 | Crear | Militia |
| 6:55 | Crear | Militia |
| 7:18 | Crear | Villager (Male) |
| 7:47 | Construir | Mill |
| 7:49 | Crear | Villager (Male) |
| 7:54 | Construir | House |
| 7:55 | Construir | Palisade Wall |
| 7:56 | Construir | Palisade Wall |
| 8:16 | Crear | Villager (Male) |
| 8:17 | Crear | Villager (Male) |
| 8:17 | Crear | Villager (Male) |
| 8:17 | Crear | Villager (Male) |
| 8:49 | Crear | Villager (Male) |
| 8:50 | Crear | Villager (Male) |
| 8:54 | Construir | Palisade Wall |
| 8:56 | Construir | Palisade Wall |
| 9:01 | Crear | Villager (Male) |
| 9:01 | Crear | Villager (Male) |
| 9:11 | Construir | Palisade Wall |
| 9:13 | Construir | Palisade Wall |
| 9:41 | Crear | Villager (Male) |
| 10:01 | Construir | Palisade Wall |
| 10:23 | Construir | Farm |
| 10:27 | Construir | Farm |
| 10:29 | Construir | Farm |
| 10:31 | Construir | Farm |
| 10:39 | Crear | Villager (Male) |
| 10:59 | Construir | House |
| 11:05 | Crear | Villager (Male) |
| 11:30 | Crear | Villager (Male) |
| 11:59 | Crear | Villager (Male) |
| 12:17 | Construir | Mining Camp |
| 12:26 | Investigar | Feudal Age |
| 12:26 | Investigar | Feudal Age |
| 13:12 | Construir | House |
| 13:41 | Construir | Farm |
| 13:42 | Construir | Farm |
| 13:44 | Construir | Farm |
| 13:45 | Construir | Farm |
| 13:59 | Construir | House |
| 14:09 | Construir | House |
| 14:12 | Construir | House |
| 14:14 | Construir | House |
| 14:17 | Construir | House |
| 14:19 | Construir | Palisade Wall |
| 14:27 | Investigar | Loom |
| 14:33 | Crear | Villager (Male) |
| 14:36 | Construir | Palisade Wall |
| 14:37 | Edad | Edad Feudal |
| 14:39 | Crear | Spearman |
| 14:39 | Crear | Spearman |
| 14:57 | Construir | Palisade Wall |
| 15:01 | Construir | Stable |
| 15:13 | Crear | Villager (Male) |
| 15:39 | Crear | Villager (Male) |
| 15:43 | Crear | Scout Cavalry |
| 15:43 | Crear | Scout Cavalry |
| 15:47 | Construir | Blacksmith |
| 15:53 | Construir | Farm |
| 15:54 | Investigar | Double-Bit Axe |
| 15:55 | Investigar | Double-Bit Axe |
| 15:55 | Investigar | Horse Collar |
| 15:56 | Investigar | Horse Collar |
| 15:56 | Investigar | Horse Collar |
| 16:03 | Construir | Farm |
| 16:04 | Construir | Farm |
| 16:08 | Construir | Farm |
| 16:15 | Crear | Villager (Male) |
| 16:28 | Construir | Lumber Camp |
| 16:35 | Crear | Scout Cavalry |
| 16:44 | Crear | Scout Cavalry |
| 16:47 | Crear | Villager (Male) |
| 16:49 | Crear | Villager (Male) |
| 16:51 | Construir | House |
| 17:14 | Investigar | Man-at-Arms (upgrade) |
| 17:18 | Investigar | Wheelbarrow |
| 17:36 | Crear | Scout Cavalry |
| 17:38 | Investigar | Scale Barding Armor |
| 17:38 | Investigar | Scale Barding Armor |
| 17:41 | Crear | Villager (Male) |
| 17:49 | Construir | Stable |
| 17:58 | Construir | Farm |
| 17:59 | Construir | Farm |
| 18:00 | Construir | Farm |
| 18:13 | Crear | Villager (Male) |
| 18:42 | Crear | Spearman |
| 18:42 | Crear | Spearman |
| 18:47 | Crear | Villager (Male) |
| 18:56 | Construir | Farm |
| 18:57 | Construir | Farm |
| 18:58 | Construir | Farm |
| 18:59 | Construir | Farm |
| 19:04 | Crear | Villager (Male) |
| 19:13 | Construir | Watch Tower |
| 19:16 | Crear | Spearman |
| 19:17 | Investigar | Scale Mail Armor |
| 19:17 | Investigar | Scale Mail Armor |
| 19:19 | Crear | Villager (Male) |
| 19:19 | Crear | Villager (Male) |
| 19:30 | Crear | Scout Cavalry |
| 19:30 | Crear | Scout Cavalry |
| 19:34 | Construir | Farm |
| 19:41 | Construir | Farm |
| 19:44 | Construir | Farm |
| 19:49 | Crear | Villager (Male) |
| 19:52 | Construir | House |
| 19:53 | Construir | Palisade Wall |
| 20:22 | Crear | Villager (Male) |
| 20:25 | Construir | Farm |
| 20:27 | Construir | Farm |
| 20:43 | Crear | Villager (Male) |
Build order — Charles Kirkwall
Primeras 150 de 426 acciones detectadas
| 0:00 | Crear | Villager (Male) |
| 0:00 | Crear | Villager (Male) |
| 0:00 | Crear | Villager (Male) |
| 0:00 | Crear | Villager (Male) |
| 0:02 | Construir | House |
| 0:02 | Construir | House |
| 1:28 | Crear | Villager (Male) |
| 1:28 | Crear | Villager (Male) |
| 1:47 | Construir | Lumber Camp |
| 2:12 | Crear | Villager (Male) |
| 2:13 | Crear | Villager (Male) |
| 2:38 | Crear | Villager (Male) |
| 2:39 | Crear | Villager (Male) |
| 2:50 | Construir | House |
| 3:05 | Crear | Villager (Male) |
| 3:05 | Crear | Villager (Male) |
| 3:37 | Crear | Villager (Male) |
| 3:37 | Crear | Villager (Male) |
| 4:00 | Crear | Villager (Male) |
| 4:16 | Construir | Mill |
| 4:39 | Crear | Villager (Male) |
| 5:02 | Crear | Villager (Male) |
| 5:03 | Crear | Villager (Male) |
| 5:44 | Crear | Villager (Male) |
| 5:50 | Crear | Villager (Male) |
| 5:50 | Crear | Villager (Male) |
| 6:35 | Investigar | Feudal Age |
| 7:37 | Construir | Barracks |
| 7:42 | Construir | Barracks |
| 8:06 | Investigar | Loom |
| 8:06 | Crear | Villager (Male) |
| 8:33 | Construir | Palisade Wall |
| 8:36 | Construir | Palisade Wall |
| 8:38 | Construir | House |
| 8:40 | Construir | House |
| 8:45 | Edad | Edad Feudal |
| 8:54 | Construir | Stable |
| 8:57 | Construir | Palisade Wall |
| 8:58 | Construir | Palisade Wall |
| 8:59 | Construir | Palisade Wall |
| 9:01 | Crear | Villager (Male) |
| 9:11 | Crear | Villager (Male) |
| 9:14 | Construir | House |
| 9:24 | Construir | Palisade Wall |
| 9:34 | Crear | Villager (Male) |
| 9:39 | Investigar | Double-Bit Axe |
| 9:40 | Investigar | Double-Bit Axe |
| 9:43 | Construir | House |
| 9:45 | Construir | Palisade Wall |
| 9:47 | Crear | Scout Cavalry |
| 9:59 | Construir | Palisade Wall |
| 10:02 | Crear | Villager (Male) |
| 10:12 | Crear | Villager (Male) |
| 10:20 | Crear | Scout Cavalry |
| 10:28 | Crear | Villager (Male) |
| 10:33 | Construir | Farm |
| 10:34 | Construir | Farm |
| 10:35 | Construir | Farm |
| 10:41 | Construir | House |
| 10:44 | Construir | Palisade Wall |
| 10:52 | Crear | Scout Cavalry |
| 11:02 | Construir | Palisade Wall |
| 11:09 | Crear | Villager (Male) |
| 11:11 | Construir | Farm |
| 11:14 | Construir | Palisade Wall |
| 11:17 | Construir | Palisade Wall |
| 11:22 | Construir | Farm |
| 11:24 | Construir | Farm |
| 11:31 | Crear | Villager (Male) |
| 11:34 | Construir | Farm |
| 11:47 | Crear | Villager (Male) |
| 11:52 | Construir | Farm |
| 12:02 | Crear | Villager (Male) |
| 12:06 | Construir | Farm |
| 12:14 | Crear | Villager (Male) |
| 12:16 | Construir | Farm |
| 12:20 | Construir | Palisade Wall |
| 12:35 | Crear | Villager (Male) |
| 13:00 | Construir | Archery Range |
| 13:13 | Crear | Villager (Male) |
| 13:34 | Crear | Villager (Male) |
| 13:37 | Crear | Villager (Male) |
| 13:40 | Construir | Farm |
| 13:43 | Construir | Farm |
| 13:51 | Construir | Farm |
| 13:53 | Crear | Villager (Male) |
| 14:31 | Crear | Villager (Male) |
| 14:38 | Crear | Scout Cavalry |
| 14:49 | Construir | Market |
| 14:58 | Crear | Villager (Male) |
| 15:03 | Construir | Mining Camp |
| 15:57 | Investigar | Castle Age |
| 15:58 | Investigar | Castle Age |
| 16:18 | Construir | Palisade Wall |
| 16:28 | Construir | Palisade Wall |
| 16:31 | Construir | Palisade Wall |
| 16:51 | Crear | Villager (Male) |
| 17:03 | Crear | Villager (Male) |
| 17:20 | Investigar | Horse Collar |
| 17:37 | Crear | Villager (Male) |
| 17:42 | Crear | Skirmisher |
| 17:46 | Construir | Stable |
| 17:59 | Crear | Villager (Male) |
| 18:16 | Crear | Villager (Male) |
| 18:21 | Construir | Palisade Wall |
| 18:37 | Edad | Edad de los Castillos |
| 18:45 | Construir | Palisade Wall |
| 18:48 | Crear | Knight |
| 18:51 | Construir | Town Center |
| 19:01 | Crear | Villager (Male) |
| 19:04 | Crear | Spearman |
| 19:04 | Crear | Spearman |
| 19:11 | Construir | Farm |
| 19:11 | Construir | Farm |
| 19:21 | Crear | Knight |
| 19:21 | Crear | Knight |
| 19:22 | Crear | Villager (Male) |
| 19:24 | Crear | Villager (Male) |
| 19:31 | Crear | Villager (Male) |
| 19:35 | Crear | Villager (Male) |
| 19:51 | Construir | Palisade Wall |
| 20:02 | Crear | Villager (Male) |
| 20:04 | Crear | Villager (Male) |
| 20:08 | Crear | Villager (Male) |
| 20:08 | Crear | Villager (Male) |
| 20:11 | Construir | Farm |
| 20:13 | Construir | Farm |
| 20:13 | Construir | Farm |
| 20:17 | Crear | Villager (Male) |
| 20:18 | Crear | Villager (Male) |
| 20:34 | Crear | Villager (Male) |
| 20:42 | Crear | Villager (Male) |
| 20:48 | Construir | Lumber Camp |
| 20:52 | Construir | Blacksmith |
| 21:03 | Crear | Knight |
| 21:14 | Construir | Farm |
| 21:25 | Construir | Watch Tower |
| 21:31 | Crear | Villager (Male) |
| 21:40 | Crear | Knight |
| 21:41 | Crear | Knight |
| 21:46 | Investigar | Scale Barding Armor |
| 22:19 | Crear | Knight |
| 22:19 | Crear | Knight |
| 22:21 | Construir | House |
| 22:28 | Crear | Villager (Male) |
| 22:45 | Construir | House |
| 22:46 | Construir | House |
| 22:46 | Construir | House |
| 22:46 | Construir | House |
| 23:02 | Construir | Monastery |
Cronología de la partida
| 4:45 | eduv · first_building Barracks |
| 7:37 | Charles Kirkwall · first_building Barracks |
| 7:55 | eduv · wall_segment Palisade Wall x1 |
| 7:56 | eduv · wall_segment Palisade Wall x1 |
| 8:33 | Charles Kirkwall · wall_segment Palisade Wall x1 |
| 8:36 | Charles Kirkwall · wall_segment Palisade Wall x1 |
| 8:45 | Charles Kirkwall · age_up feudal |
| 8:54 | Charles Kirkwall · first_building Stable |
| 8:54 | eduv · wall_segment Palisade Wall x1 |
| 8:56 | eduv · wall_segment Palisade Wall x4 |
| 8:57 | Charles Kirkwall · wall_segment Palisade Wall x1 |
| 8:58 | Charles Kirkwall · wall_segment Palisade Wall x1 |
| 8:59 | Charles Kirkwall · wall_segment Palisade Wall x1 |
| 9:11 | eduv · wall_segment Palisade Wall x18 |
| 9:13 | eduv · wall_segment Palisade Wall x1 |
| 9:24 | Charles Kirkwall · wall_segment Palisade Wall x1 |
| 9:45 | Charles Kirkwall · wall_segment Palisade Wall x1 |
| 9:59 | Charles Kirkwall · wall_segment Palisade Wall x4 |
| 10:01 | eduv · wall_segment Palisade Wall x18 |
| 10:44 | Charles Kirkwall · wall_segment Palisade Wall x1 |
| 11:02 | Charles Kirkwall · wall_segment Palisade Wall x5 |
| 11:14 | Charles Kirkwall · wall_segment Palisade Wall x1 |
| 11:17 | Charles Kirkwall · wall_segment Palisade Wall x3 |
| 12:20 | Charles Kirkwall · wall_segment Palisade Wall x1 |
| 13:00 | Charles Kirkwall · first_building Archery Range |
| 14:19 | eduv · wall_segment Palisade Wall x1 |
| 14:36 | eduv · wall_segment Palisade Wall x1 |
| 14:37 | eduv · age_up feudal |
| 14:57 | eduv · wall_segment Palisade Wall x1 |
| 15:01 | eduv · first_building Stable |
| 15:51 | Charles Kirkwall · first_market_sell 100 stone |
| 15:56 | Charles Kirkwall · first_market_buy 100 food |
| 16:18 | Charles Kirkwall · wall_segment Palisade Wall x7 |
| 16:28 | Charles Kirkwall · wall_segment Palisade Wall x7 |
| 16:31 | Charles Kirkwall · wall_segment Palisade Wall x1 |
| 18:21 | Charles Kirkwall · wall_segment Palisade Wall x7 |
| 18:37 | Charles Kirkwall · age_up castle |
| 18:45 | Charles Kirkwall · wall_segment Palisade Wall x1 |
| 19:51 | Charles Kirkwall · wall_segment Palisade Wall x1 |
| 19:53 | eduv · wall_segment Palisade Wall x1 |
| 23:02 | Charles Kirkwall · first_building Monastery |
| 23:38 | eduv · wall_segment Palisade Wall x1 |
| 24:57 | eduv · wall_segment Palisade Wall x1 |
| 25:06 | eduv · age_up castle |
| 25:35 | eduv · wall_segment Palisade Wall x1 |
| 25:41 | eduv · first_building Monastery |
| 26:07 | Charles Kirkwall · first_building Siege Workshop |
| 29:57 | eduv · first_building Siege Workshop |
| 30:07 | Charles Kirkwall · wall_segment Palisade Wall x1 |
| 30:25 | eduv · first_market_sell 100 food |
| 30:54 | eduv · wall_segment Palisade Wall x1 |
| 30:56 | eduv · wall_segment Palisade Wall x1 |
| 31:42 | Charles Kirkwall · first_building Castle |
| 37:59 | Charles Kirkwall · wall_segment Palisade Wall x1 |
| 42:44 | Charles Kirkwall · resign |
[ ANÁLISIS IA · 1 CRÉDITO ]
¿Qué pasó realmente en esta partida?
Wolo.gg analiza cada decisión: build order, eco, micro, errores típicos por bracket. Análisis personalizado por WhatsApp o Discord en 30 segundos.
Guía civ
Vietnamitas
Perfil
eduv